 Dungeon Crawl Stone Soup version 0.29-a0-542-g075992c915 (webtiles) character file.

Game seed: 14350256151860298155

62 porpoise the Grave Robber (level 3, 0/27 HPs)
             Began as a Demonspawn Necromancer on June 4, 2022.
             Slain by an orc
             ... wielding a +2 antimagic flail
              (8 damage)
             ... on level 3 of the Dungeon.
             The game lasted 00:09:02 (2179 turns).

porpoise the Grave Robber (Demonspawn Necromancer)  Turns: 2179, Time: 00:09:04

Health: 0/27       AC:  3    Str:  8    XL:     3   Next: 85%
Magic:  0/6        EV: 12    Int: 18    God:
Gold:   86         SH:  0    Dex: 13    Spells: 2/6 levels left

rFire   . . .      SeeInvis .   a - +0 short sword
rCold   . . .      Faith    .   (no shield)
rNeg    . . .      Spirit   .   c - +0 robe
rPois   +          Reflect  .   (no helmet)
rElec   .          Harm     .   (no cloak)
rCorr   +          Rampage  .   m - +0 pair of gloves
Will    .....                   (no boots)
Stlth   ++........              (no amulet)
HPRegen 0.09/turn               j - ring of poison resistance
MPRegen 0.10/turn               n - ring of resist corrosion

@: no status effects
A: hooves 1, demonic magic 1
a: no special abilities


You were on level 3 of the Dungeon.
You visited 1 branch of the dungeon, and saw 3 of its levels.

You collected 86 gold pieces.

Inventory:

Hand Weapons
 a - a +0 short sword (weapon)
Armour
 c - a +0 robe (worn)
 m - a +0 pair of gloves (worn)
Jewellery
 j - a ring of poison resistance (left hand)
 n - a ring of resist corrosion (right hand)
Scrolls
 f - a scroll of amnesia {unknown}
 g - a scroll of blinking {unknown}
 h - 2 scrolls of teleportation
 i - a scroll of enchant weapon {unknown}
 k - a scroll of magic mapping {unknown}
 o - a scroll of silence {unknown}
 s - a scroll of acquirement {unknown}
 t - a scroll of fog {unknown}
Potions
 b - a potion of magic
 d - 2 potions of brilliance {unknown}
 e - a potion of curing {unknown}
 l - a potion of heal wounds {unknown}
 p - a potion of mutation {unknown}
 q - a potion of ambrosia {unknown}
 r - a potion of cancellation {unknown}
 u - a potion of might {unknown}


   Skills:
 + Level 2.2 Fighting
 - Level 1.7 Dodging
 - Level 1.7 Stealth
 + Level 2.2 Spellcasting
 + Level 5.2 Necromancy


You had 2 spell levels left.
You knew the following spells:

 Your Spells              Type           Power      Damage    Failure   Level
a - Necrotize             Necr           80%        1d8       1%          1
v - Vampiric Draining     Necr           20%        2d7       6%          3

Your spell library contained the following spells:

 Spells                   Type           Power      Damage    Failure   Level
 Animate Dead             Necr           20%        N/A       21%         4
 Call Canine Familiar     Summ           2%         N/A       47%         3
 Portal Projectile        Hex/Tloc       4%         N/A       47%         3
 Agony                    Necr           20%        N/A       50%         5
 Leda's Liquefaction      Hex/Erth       1%         N/A       87%         4


Dungeon Overview and Level Annotations

Branches:
Dungeon (3/15)

Altars:
Dithmenos


Innate Abilities, Weirdness & Mutations

You have large cloven feet.
Spells you cast may paralyse adjacent enemies.


Message History

Your orc skeleton hits the kobold but does no damage.
The dart slug launches a dart at you.
The slug dart hits your kobold skeleton.
You miss the kobold. Your kick misses the kobold.
The kobold is heavily wounded.
The kobold closely misses you.
The kobold throws a stone.
The stone hits your orc skeleton.
The kobold hits you with a +0 short sword.
Your orc skeleton hits the kobold but does no damage.
You hit the kobold.
You kill the kobold!
Your orc skeleton closely misses the orc.
The orc hits your orc skeleton with a +0 club.
Casting: Necrotize (safe; 1% risk of failure)
Confirm with . or Enter, or press ? or * to list all spells.
Aiming: Necrotize (safe; 1% risk of failure)
Press: ? - help, Shift-Dir - straight line, f - orc
Aim: an orc, wielding a +2 antimagic flail and wearing a +0 leather armour (chance to affect: 89%)
The orc barely resists.
Malevolent energies surge around you.
Your orc skeleton hits the orc.
The orc hits your orc skeleton with a +0 club.
Your orc skeleton is destroyed!
You barely miss the orc.
Your orc skeleton barely misses the orc.
Your kobold skeleton hits the dart slug.
The orc hits you with a +2 antimagic flail.
You hit the orc. Your kick misses the orc.
The orc is moderately wounded.
The dart slug launches a dart at you. The slug dart hits your orc skeleton.
The orc hits you with a +2 antimagic flail!
Your kobold skeleton hits the dart slug but does no damage.
Unknown command.
You hit the orc but do no damage.
The orc is moderately wounded.
The dart slug launches a dart at you. The slug dart hits your orc skeleton.
The orc hits you with a +0 club.
* * * LOW HITPOINT WARNING * * *
The orc hits you with a +2 antimagic flail!
You die...

.......<. .##.##...
##.# ########## #.#
#......... #.#
#<########## #.#
...####.###### ..
#..
.............#.###.#
###
...####.###.@o.)...#
#.# #..o.....# #.#
#...KZ.Z.. #..
..#...?w..
#..##...>..... #..
..).......
##.##.......#.
####.####


You could see a dart slug (ally target), 2 orcs, a kobold, a friendly kobold
skeleton and a friendly orc skeleton.

Vanquished Creatures
  An adder (D:2)
  A worm (D:2)
  2 orcs (D:3)
  6 endoplasms
  A giant cockroach (D:2)
  2 goblins
  3 hobgoblins (D:1)
  6 jackals (D:1)
  7 kobolds
  2 quokkas
  2 ball pythons (D:2)
  6 bats
  2 rats (D:1)
41 creatures vanquished.

Vanquished Creatures (collateral kills)
  A rat (D:1)
1 creature vanquished.

Grand Total: 42 creatures vanquished

Notes
Turn   | Place    | Note
-------+----------+-------------------------------------------
     0 | D:1      | porpoise the Demonspawn Necromancer began the quest for the
                  | Orb.
     0 | D:1      | Reached XP level 1. HP: 13/13 MP: 3/3
   115 | D:1      | Reached skill level 1 in Fighting
   125 | D:1      | Gained mutation: You have large cloven feet. [demonic
                  | ancestry]
   125 | D:1      | Reached XP level 2. HP: 15/21 MP: 1/5
   416 | D:1      | Found a faded altar of an unknown god.
   982 | D:1      | Reached skill level 5 in Necromancy
   982 | D:1      | Gained mutation: Spells you cast may paralyse adjacent
                  | enemies. [demonic ancestry]
   982 | D:1      | Reached XP level 3. HP: 26/27 MP: 2/6
  1018 | D:1      | Learned a level 3 spell: Vampiric Draining
  1800 | D:2      | Found a shadowy altar of Dithmenos.
  2179 | D:3      | Slain by an orc

Illustrated notes

Levels and vault maps discovered:
D:1:      dpeg_arrival_arbitrary_c, layout_basic,
          hellmonk_ecumenical_altar_lost_god, chequers_avenue,
          nicolae_figureground_pulse
D:2:      layout_loops_ring, basic_altar, columned_hall_lemuel
D:3:      layout_loops_ring

Skill      XL: |  1  2  3 |
---------------+----------+-----
Fighting       | 1 2 |  2.2
Necromancy     | 5 |  5.2
Dodging        | |  1.7
Stealth        | |  1.7
Spellcasting   | |  2.2

Action                   || total
-------------------------++-------
Melee: Hand axe          ||    15
       Short sword       ||    17
       Kick              ||     4
 Cast: Necrotize         ||    66
  Use: Scroll            ||     1
 Stab: Paralysed         ||     5
Armor: Robe              ||     6
Dodge: Dodged            ||    27

Table legend: (Time is in decaauts)
 A = Elapsed time spent in this place.
 B = Non-inter-level travel time spent in this place.
 C = Inter-level travel time spent in this place.
 D = Time resting spent in this place.
 E = Time spent auto-exploring this place.
 F = Levels seen in this place.
 G = Mean time per level.
                   A        B        C        D        E       F      G
               +--------+--------+--------+--------+--------+-----+--------+
         Total |   2182 |   2080 |    102 |    443 |   1363 |   3 |  727.3 |
       Dungeon |   2182 |   2080 |    102 |    443 |   1363 |   3 |  727.3 |
               +--------+--------+--------+--------+--------+-----+--------+

Top non-repeatable levels by time:
     D:1: 1186 daAuts
     D:2: 970 daAuts
     D:3: 26 daAuts
